Map: New Bed of Chaos LE

Players

Sindyr

  • Race: Terran Terran
  • League: Master
  • Spawn Location: 6:00

A.I. 1 (Very Easy) - Winner!

  • Race: Terran Terran
  • Spawn Location: 5:00

VOD

Have the link to the VOD?

Description

Time

  • Played on: Jan. 24, 2026, 9:18 p.m.
  • Length: 18:35
Show
View Real Time Build Order
Export as new Build Order

Sindyr Terran 

Build Orders:  

Get SALT Encoding   

  12  0:03  SCV  
  13  0:15  SCV  
  13  0:20  Supply Depot  
  14  0:31  SCV  
  15  0:44  SCV  
  15  0:45  Barracks  
  16  0:52  Refinery  
  16  0:56  SCV  
  17  1:10  Barracks  
  17  1:32  Bunker  
  17  1:34  Marine  
  18  1:43  Orbital Command  
  18  1:52  Marine  
  19  2:16  Barracks Reactor  
  19  2:19  SCV  
  19  2:26  Engineering Bay  
  19  2:27  Supply Depot  
  19  2:28  Barracks Tech Lab  
  19  2:31  SCV  
  20  2:44  SCV  
  21  2:46  Supply Depot  
  21  2:50  Supply Depot  
  21  2:56  SCV  
  22  3:00  Command Center  
  22  3:02  Marine  
  22  3:04  Marine  
  24  3:08  SCV, Marine  
  26  3:20  SCV, Marine  
  28  3:29  Stimpack  
  28  3:43  Refinery  
  28  3:45  Factory  
  28  3:46  Engineering Bay  
  28  4:20  Marine  
  28  4:21  Marine x2  
  31  4:26  Terran Infantry Weapons Level 1, Terran Infantry Armor Level 1  
  31  4:35  Factory Reactor  
  31  4:54  Orbital Command  
  31  5:01  SCV  
  31  5:04  Starport  
  32  5:13  SCV  
  33  5:26  SCV  
  34  5:39  SCV  
  34  5:40  Armory  
  34  5:42  Armory  
  35  5:51  SCV  
  35  5:52  Armory  
  36  6:03  SCV  
  37  6:09  Factory Tech Lab  
  37  6:15  SCV  
  38  6:19  Command Center  
  38  6:20  Medivac x2  
  42  6:27  SCV  
  43  6:34  Command Center  
  43  6:36  Terran Ship Weapons Level 1  
  43  6:37  Terran Vehicle And Ship Armor Level 1  
  43  6:39  SCV  
  44  6:43  Refinery  
  44  6:44  Refinery  
  44  6:51  SCV  
  45  6:55  Terran Vehicle Weapons Level 1  
  45  7:01  SCV  
  45  7:03  SCV  
  47  7:15  SCV  
  47  7:22  Liberator  
  48  7:23  Supply Depot x2  
  48  7:25  Supply Depot  
  48  7:27  SCV  
  52  7:36  Orbital Command  
  52  7:40  SCV  
  53  7:54  Terran Infantry Weapons Level 2, Terran Infantry Armor Level 2  
  53  8:00  SCV  
  53  8:01  Refinery  
  53  8:04  SCV  
  55  8:07  SCV  
  55  8:11  Refinery  
  55  8:12  SCV  
  57  8:16  SCV  
  57  8:19  SCV  
  59  8:24  SCV  
  60  8:28  SCV  
  60  8:31  SCV  
  62  8:36  SCV  
  62  8:40  SCV  
  64  8:43  SCV  
  65  8:48  SCV  
  65  8:52  SCV  
  65  8:55  SCV  
  68  9:01  SCV  
  69  9:07  SCV  
  69  9:09  Terran Ship Weapons Level 2, Terran Vehicle And Ship Armor Level 2, Terran Vehicle Weapons Level 2  
  70  9:13  SCV  
  71  9:19  SCV  
  72  9:24  Factory  
  72  9:25  SCV  
  72  9:26  Factory  
  72  9:27  Starport  
  72  9:31  Starport  
  73  9:32  SCV  
  73  9:37  SCV  
  75  9:39  Refinery  
  75  9:44  SCV  
  76  9:56  SCV  
  77  10:08  SCV  
  78  10:21  SCV  
  79  10:37  Command Center  
  79  10:47  Terran Infantry Weapons Level 3, Terran Infantry Armor Level 3  
  79  10:50  Combat Shield  
  79  10:54  Command Center  
  79  10:58  Factory Tech Lab  
  79  10:59  Factory Tech Lab  
  79  11:00  Starport Tech Lab  
  79  11:05  Command Center  
  79  11:06  Starport Tech Lab  
  79  11:10  Fusion Core  
  79  11:22  Ghost Academy  
  79  11:27  Supply Depot x2  
  79  11:31  Supply Depot, Factory  
  79  11:32  Factory x2, Starport  
  79  11:47  Terran Vehicle Weapons Level 3, Terran Vehicle And Ship Armor Level 3, Terran Ship Weapons Level 3  
  79  11:52  Orbital Command  
  79  11:57  Refinery  
  79  12:02  Refinery  
  79  12:09  Concussive Shells  
  79  12:11  Starport  
  79  12:13  Smart Servos  
  79  12:27  Weapon Refit  
  79  12:33  Orbital Command  
  79  12:36  Orbital Command  
  79  12:39  Refinery  
  79  12:40  Orbital Command  
  79  12:44  Refinery  
  79  12:46  SCV  
  80  12:52  Factory Tech Lab x3  
  80  12:55  Starport Tech Lab  
  81  12:58  SCV  
  81  13:02  Starport Tech Lab  
  81  13:03  Nuke  
  81  13:10  SCV  
  82  13:22  SCV  
  82  13:26  SCV x2  
  85  13:32  SCV  
  86  13:34  SCV  
  87  13:44  SCV  
  87  13:46  Personal Cloaking  
  87  13:56  SCV  
  88  14:08  SCV  
  88  14:21  SCV  
  89  14:28  Hi-Sec Auto Tracking, Neosteel Armor  
  89  14:43  Refinery  
  89  14:48  Battlecruiser x4  
  113  14:57  Thor x2  
  113  14:58  Thor  
  113  14:59  Thor x2  
  142  15:00  Thor  
  146  15:32  Refinery  
  146  16:28  Battlecruiser x3  
  146  16:29  Battlecruiser  
Show
View Real Time Build Order
Export as new Build Order

A.I. 1 (Very Easy) Terran - Winner!

Build Orders:  

Get SALT Encoding   

  12  0:00  SCV  
  13  0:13  SCV  
  14  0:18  Supply Depot  
  14  0:42  Barracks  
  14  1:31  Orbital Command, Supply Depot, Marine  
  15  1:47  Refinery  
  15  1:56  SCV  
  15  1:58  Refinery  
  16  2:08  SCV  
  16  2:10  Marine  
  17  2:20  SCV  
  18  2:28  Reaper  
  19  2:33  SCV  
  19  2:45  SCV  
  19  2:48  Supply Depot  
  20  2:57  SCV  
  21  3:09  SCV  
  21  3:10  Marine  
  22  3:15  Command Center  
  22  3:21  SCV  
  23  3:33  Factory  
  21  3:44  SCV  
  21  3:54  Marine  
  20  3:56  SCV  
  20  4:08  SCV  
  19  4:20  SCV  
  19  4:23  Hellion  
  22  4:28  Supply Depot  
  20  4:44  SCV  
  21  4:51  SCV  
  21  4:52  Refinery, Hellion  
  20  4:58  SCV  
  20  5:06  SCV  
  21  5:13  SCV  
  22  5:20  Refinery  
  22  5:21  Hellion  
  22  5:22  Starport  
  22  5:26  SCV  
  23  5:33  SCV  
  24  5:40  SCV  
  24  5:47  SCV  
  24  5:49  Hellion  
  25  5:54  SCV  
  26  5:58  Starport Tech Lab  
  26  6:01  SCV  
  25  6:09  SCV  
  26  6:16  SCV  
  26  6:18  Hellion  
  27  6:20  Raven  
  27  6:23  SCV  
  28  6:30  SCV  
  29  6:37  SCV  
  29  6:45  SCV  
  29  6:47  Hellion  
  30  6:52  SCV  
  30  6:54  Raven  
  30  6:59  SCV  
  33  7:06  SCV  
  32  7:13  SCV  
  32  7:15  Hellion  
  32  7:20  SCV  
  33  7:28  SCV, Raven  
  36  7:35  SCV  
  36  7:42  SCV  
  35  7:44  Hellion  
  35  7:49  SCV  
  36  7:56  SCV  
  37  8:03  Raven, SCV  
  40  8:10  SCV  
  39  8:13  Hellion  
  39  8:18  SCV  
  38  8:25  SCV  
  39  8:32  SCV  
  39  8:37  Raven  
  39  8:39  SCV  
  41  8:41  Hellion  
  41  8:47  SCV  
  40  8:50  Supply Depot  
  40  8:54  SCV  
  41  9:01  SCV  
  42  9:08  SCV  
  43  9:10  Hellion  
  43  9:11  Raven  
  43  9:16  SCV  
  44  9:38  Hellion  
  46  9:45  Raven  
  44  10:07  Hellion  
  44  10:20  Raven  
  44  10:36  Hellion  
  44  10:54  Raven  
  44  11:04  Hellion  
  44  11:13  Supply Depot  
  44  11:26  Reaper  
  44  11:28  Medivac  
  43  11:43  SCV  
  43  11:48  Factory Tech Lab  
  43  11:58  Raven  
  43  11:59  Barracks Tech Lab, SCV  
  45  12:07  Hellion  
  43  12:16  SCV  
  44  12:29  Marine  
  45  12:32  Raven  
  45  12:33  SCV  
  44  12:40  SCV  
  41  12:52  SCV, Marauder  
  42  13:05  SCV  
  42  13:06  Medivac  
  42  13:13  SCV, Siege Tank  
  42  13:20  SCV  
  42  13:27  SCV  
  42  13:29  Command Center  
  43  13:34  SCV  
  43  13:35  Marine  
  43  13:36  Raven  
  45  13:51  SCV  
  42  13:58  Marine, SCV  
  40  14:10  Medivac  
  40  14:16  SCV  
  41  14:20  Siege Tank  
  41  14:24  SCV  
  36  14:31  SCV  
  36  14:38  SCV  
  37  14:41  Raven  
  37  14:42  Marine  
  37  14:45  SCV  
  32  14:52  SCV  
  33  14:54  Refinery  
  33  14:56  Refinery  
  33  14:59  SCV  
  34  15:04  Marine  
  34  15:07  SCV  
  36  15:14  SCV  
  32  15:15  Medivac  
  32  15:21  SCV  
  35  15:27  Marine  
  35  15:28  SCV  
  36  15:35  SCV  
  36  15:42  SCV  
  36  15:45  Raven  
  36  15:49  Marine  
  39  15:50  SCV  
  40  15:57  SCV  
  40  16:04  SCV  
  40  16:11  Marine  
  40  16:12  SCV  
  41  16:19  SCV, Raven  
  39  16:26  SCV  
  36  16:33  SCV  
  37  16:40  Hellion, SCV  
  39  16:48  SCV  
  40  16:55  SCV  
  40  17:02  SCV  
  40  17:08  Viking  
  40  17:09  SCV  
  42  17:16  SCV  
  39  17:24  SCV  
  38  17:31  SCV  
  37  17:37  Hellion  
  37  17:38  SCV, Raven  
  40  17:45  SCV  
  41  17:52  SCV  
  37  18:00  SCV  
  33  18:12  Supply Depot  
  33  18:14  SCV  
  33  18:19  Starport  
Tags
 
League
Master
Matchup
TvT
Race
Terran
Replay Pack
Multiplayer
Spawn Locations
Close Positions
Add a new tag
Caveats
  • Supply blocks, unpowered buildings, or Contaminate may cause inaccurate times.
  • Supply counts are checked every 10 seconds.